[Event "Titled Tuesday Blitz July 4 Late 2023"]
[White "Leitao, Rafael"]
[Black "Bilan, Danila"]
[WhiteFideId "2101246"]
[BlackFideId "24161918"]
[WhiteElo "2782"]
[BlackElo "2532"]
[Result "1-0"]
[Round "7"]
[TimeControl "180+2"]
[Date "2023.07.04"]
[WhiteClock "0:00:17"]
[BlackClock "0:00:00"]
[Board "36"]

1. c4 c6 2. g3 d5 3. Nf3 Nf6 4. Bg2 Bf5 5. Qb3 Qb6 6. d3 e6 7. Be3 Qxb3 8. axb3 a6 9. Bd4 Nbd7 10. Bc3 h6 11. Nbd2 Be7 12. b4 O-O 13. O-O Rfd8 14. Nd4 Bg6 15. N4f3 Rac8 16. Nb3 c5 17. bxc5 Nxc5 18. Nxc5 Bxc5 19. Ne5 Bf5 20. Rfe1 b5 21. Rxa6 dxc4 22. Nc6 Re8 23. d4 Bf8 24. e4 Bg6 25. d5 exd5 26. exd5 Rxe1+ 27. Bxe1 Bc5 28. Bb4 Bxb4 29. Nxb4 Be4 30. d6 Bxg2 31. Kxg2 Rd8 32. Nc6 Rd7 33. Ne5 Rd8 34. d7 Kf8 35. Ra7 Ke7 36. Nc6+ Kd6 37. Nxd8 1-0


[Site "https://www.chess.com"]

[Event "Titled Tuesday Blitz July 4 Late 2023"]
[White "Tristan, Leonardo"]
[Black "ElDivis"]
[WhiteFideId "113816"]
[WhiteElo "2778"]
[BlackElo "2546"]
[Result "1-0"]
[Round "7"]
[TimeControl "180+2"]
[Date "2023.07.04"]
[WhiteClock "0:00:47"]
[BlackClock "0:00:02"]
[Board "37"]

1. d4 Nf6 2. Nf3 g6 3. Bf4 Bg7 4. e3 O-O 5. Be2 d6 6. O-O Nfd7 7. e4 e5 8. Bg5 f6 9. Be3 Nc6 10. Nc3 Kh8 11. Qd2 a5 12. Rad1 b6 13. dxe5 Ndxe5 14. Nd4 Nxd4 15. Bxd4 Bb7 16. Rfe1 Nc6 17. Be3 f5 18. exf5 Rxf5 19. Bd3 Rf8 20. Be4 Qc8 21. Bh6 Ne5 22. Bxg7+ Kxg7 23. f4 Bxe4 24. Nxe4 Nd7 25. Qc3+ Kg8 26. Ng5 Nc5 27. Re7 1-0


[Site "https://www.chess.com"]

[Event "Titled Tuesday Blitz July 4 Late 2023"]
[White "Gorovets, Andrey"]
[Black "Mattheii"]
[WhiteFideId "13504037"]
[WhiteElo "2755"]
[BlackElo "2522"]
[Result "0-1"]
[Round "7"]
[TimeControl "180+2"]
[Date "2023.07.04"]
[WhiteClock "0:01:08"]
[BlackClock "0:00:37"]
[Board "38"]

1. Nf3 d5 2. e3 Nf6 3. c4 e6 4. b3 Be7 5. Bb2 O-O 6. Nc3 c5 7. cxd5 Nxd5 8. h4 Nc6 9. Qb1 f5 10. Be2 Bf6 11. Nxd5 exd5 12. Ng5 h6 13. Nf3 Be6 14. Bd3 Bxb2 15. Qxb2 f4 16. Rc1 b6 17. a3 fxe3 18. dxe3 Bg4 19. Be2 Qd6 20. Rd1 Kh8 21. h5 Rae8 22. Nh4 Bf5 23. Nxf5 Rxf5 24. Qc2 Rg5 25. O-O d4 26. Bb5 Rxh5 27. g3 Qd5 0-1


[Site "https://www.chess.com"]

[Event "Titled Tuesday Blitz July 4 Late 2023"]
[White "Ghazarian, Kirk"]
[Black "Dixit, Nikhil"]
[WhiteFideId "30908604"]
[BlackFideId "5059534"]
[WhiteElo "2746"]
[BlackElo "2514"]
[Result "1-0"]
[Round "7"]
[TimeControl "180+2"]
[Date "2023.07.04"]
[WhiteClock "0:01:00"]
[BlackClock "0:00:16"]
[Board "39"]

1. e4 c5 2. b3 e5 3. Bb2 Nc6 4. Bc4 d6 5. Ne2 g5 6. O-O h5 7. c3 Bg7 8. d4 cxd4 9. cxd4 Nge7 10. Na3 a6 11. d5 Nb8 12. Ng3 Bg4 13. Be2 Bxe2 14. Qxe2 h4 15. Nh5 Kf8 16. Nc4 b5 17. Ne3 Nd7 18. Nxg7 Kxg7 19. f4 gxf4 20. Rxf4 Ng6 21. Rf2 Qg5 22. Raf1 Raf8 23. Rf5 Qh6 24. Rxe5 Ngxe5 25. Nf5+ Kg8 26. Nxh6+ Rxh6 27. Rc1 Rg6 28. Kh1 f5 29. exf5 Rxf5 30. Rf1 Rxf1+ 31. Qxf1 Rf6 32. Qe2 Kf8 33. h3 Rf7 34. Kh2 Ng6 35. Qh5 Nde5 36. Bxe5 Nxe5 37. Qh8+ Ke7 38. Qxh4+ Kd7 39. Qd4 a5 40. Qa7+ Ke8 41. Qxa5 Kf8 42. Qxb5 Rf2 43. Qb8+ Kf7 44. Qa7+ 1-0


[Site "https://www.chess.com"]

[Event "Titled Tuesday Blitz July 4 Late 2023"]
[White "Jaracz, Pawel"]
[Black "Horcajuelo Rocamora, Martin"]
[WhiteFideId "1102222"]
[BlackFideId "24573027"]
[WhiteElo "2713"]
[BlackElo "2511"]
[Result "1-0"]
[Round "7"]
[TimeControl "180+2"]
[Date "2023.07.04"]
[WhiteClock "0:00:36"]
[BlackClock "0:01:33"]
[Board "40"]

1. d4 Nf6 2. c4 c5 3. Nf3 cxd4 4. Nxd4 e6 5. g3 d5 6. Bg2 Nc6 7. O-O Bc5 8. Nxc6 bxc6 9. Qa4 Bd7 10. b3 O-O 11. Bb2 Qe7 12. Nd2 a5 13. cxd5 cxd5 14. Qh4 a4 15. e4 Nxe4 16. Qxe7 Bxe7 17. Nxe4 dxe4 18. Bxe4 Rab8 19. Rfd1 Rfd8 20. Be5 Rb4 21. Bc7 Rc8 22. Rxd7 Bf6 23. Re1 axb3 24. axb3 Rxb3 25. Bf4 g6 26. Kg2 Rb4 27. Bf3 Rc2 28. Re2 Rc3 29. Bh6 Rbb3 30. Ra7 Rc8 31. Rd2 Bg7 32. Be3 Be5 33. Rdd7 f5 34. Re7 Rc2 35. Rxe6 Rxe3 36. Re8# 1-0


[Site "https://www.chess.com"]

[Event "Titled Tuesday Blitz July 4 Late 2023"]
[White "only_strong_moves"]
[Black "Shuvalova, Polina"]
[BlackFideId "24171760"]
[WhiteElo "2507"]
[BlackElo "2691"]
[Result "1-0"]
[Round "7"]
[TimeControl "180+2"]
[Date "2023.07.04"]
[WhiteClock "0:00:12"]
[BlackClock "0:00:04"]
[Board "41"]

1. d4 Nf6 2. c4 d6 3. Nc3 Nbd7 4. e4 e5 5. Nf3 Be7 6. Be2 O-O 7. Be3 c6 8. h3 Qc7 9. O-O Re8 10. d5 a6 11. a4 a5 12. Rc1 Qb8 13. Nd2 Bd8 14. Qb3 Nc5 15. Qa3 Bb6 16. Kh2 Qa7 17. g4 Nfd7 18. Rcd1 Nf8 19. f4 exf4 20. Bxf4 Bc7 21. Bg3 Qb6 22. e5 dxe5 23. Nde4 Nxe4 24. Nxe4 cxd5 25. cxd5 Qb4 26. Qf3 f6 27. d6 Bb6 28. Nxf6+ gxf6 29. Qxf6 Qb3 30. Rc1 Qxb2 31. Qf7+ Kh8 32. Qxe8 Be6 33. Rxf8+ Kg7 34. Qe7+ Kg6 35. Qxe6+ Kg7 36. Qf6# 1-0


[Site "https://www.chess.com"]

[Event "Titled Tuesday Blitz July 4 Late 2023"]
[White "Molenda, Marcin"]
[Black "Matinian, Nikita"]
[WhiteFideId "1173065"]
[BlackFideId "24129100"]
[WhiteElo "2502"]
[BlackElo "2687"]
[Result "0-1"]
[Round "7"]
[TimeControl "180+2"]
[Date "2023.07.04"]
[WhiteClock "0:00:00"]
[BlackClock "0:00:29"]
[Board "42"]

1. e4 c5 2. Nf3 e6 3. c3 d5 4. exd5 Qxd5 5. d4 Nf6 6. Na3 a6 7. Nc4 Nbd7 8. Bd3 b5 9. Nce5 Bb7 10. O-O Nxe5 11. dxe5 Nd7 12. Re1 Be7 13. Bf4 Rd8 14. Qc2 Nxe5 15. Be4 Nxf3+ 16. Bxf3 Qd7 17. Rad1 Qc8 18. Rxd8+ Bxd8 19. Bxb7 Qxb7 20. Bd6 Be7 21. Rd1 Bxd6 22. Rxd6 Ke7 23. Qd2 f6 24. g3 Rc8 25. Rd3 Qc7 26. Qe3 c4 27. Rd4 e5 28. Rh4 h6 29. Qe4 Kf8 30. Qh7 Qf7 31. Rg4 Rd8 32. Qf5 Rd1+ 33. Kg2 Qb7+ 34. Kh3 Qd7 35. Qg6 Rd2 36. f4 exf4 37. Qh7 Rxh2+ 38. Kxh2 Qxg4 39. gxf4 Qxf4+ 40. Kg2 Qg5+ 41. Kf2 Kf7 42. Qh8 Qf4+ 43. Kg2 Qe4+ 44. Kh2 Qc2+ 45. Kh1 Qb1+ 46. Kh2 Qxb2+ 47. Kh1 Qa1+ 48. Kh2 Qxa2+ 49. Kh1 Qa1+ 50. Kg2 Qxc3 51. Qc8 Qd2+ 52. Kh1 Qd6 53. Qb7+ Kg6 0-1


[Site "https://www.chess.com"]

[Event "Titled Tuesday Blitz July 4 Late 2023"]
[White "Papp, Levente"]
[Black "Janturin, Artur"]
[WhiteFideId "751243"]
[BlackFideId "4130022"]
[WhiteElo "2687"]
[BlackElo "2503"]
[Result "1/2-1/2"]
[Round "7"]
[TimeControl "180+2"]
[Date "2023.07.04"]
[WhiteClock "0:00:06"]
[BlackClock "0:00:04"]
[Board "43"]

1. b3 b6 2. Bb2 Bb7 3. Nf3 Nf6 4. g3 Bxf3 5. exf3 c5 6. Bg2 Nc6 7. O-O e6 8. f4 Be7 9. d4 cxd4 10. Bxd4 d5 11. Bb2 O-O 12. c4 Rc8 13. cxd5 Nxd5 14. Bxd5 Qxd5 15. Qxd5 exd5 16. Rd1 Rfd8 17. Na3 a6 18. Nc2 Nb4 19. Nxb4 Bxb4 20. Rac1 Rxc1 21. Rxc1 Bc5 22. Kf1 f6 23. a3 a5 24. Rc2 Kf7 25. Ke2 Ke6 26. Kd3 h5 27. a4 Kf5 28. Bd4 Rc8 29. h3 Rc7 30. Re2 h4 31. Re8 Bxd4 32. Kxd4 Rc2 33. Kxd5 Rxf2 34. gxh4 Rxf4 35. h5 Rb4 36. Rg8 Rxb3 37. Rxg7 Rxh3 38. Rb7 Rxh5 39. Rxb6 Rh4 40. Kd6 Rxa4 41. Ke7 Re4+ 42. Kf7 Ke5 43. Rb5+ Kd4 44. Rxa5 Re5 45. Ra4+ Ke3 46. Kxf6 Re4 47. Rxe4+ Kxe4 1/2-1/2


[Site "https://www.chess.com"]

[Event "Titled Tuesday Blitz July 4 Late 2023"]
[White "Stoleriu, George"]
[Black "Taboas Rodriguez, Daniel"]
[WhiteFideId "1227505"]
[BlackFideId "2208466"]
[WhiteElo "2680"]
[BlackElo "2481"]
[Result "0-1"]
[Round "7"]
[TimeControl "180+2"]
[Date "2023.07.04"]
[WhiteClock "0:00:05"]
[BlackClock "0:00:51"]
[Board "44"]

1. e4 e5 2. Nf3 Nc6 3. Bb5 Nf6 4. d3 d6 5. c3 Bd7 6. O-O g6 7. Re1 Bg7 8. Nbd2 O-O 9. Nf1 Nh5 10. Ng3 Nxg3 11. hxg3 f5 12. exf5 Bxf5 13. d4 exd4 14. Bxc6 bxc6 15. Nxd4 Qd7 16. Bg5 Rae8 17. Qd2 c5 18. Nxf5 Qxf5 19. Be3 h5 20. Rad1 Kh7 21. Qd3 Re6 22. Qxf5 Rxf5 23. Rd2 Rfe5 24. Red1 Bh6 25. Bxh6 Kxh6 26. Kf1 a5 27. b3 g5 28. c4 Kg6 29. f3 g4 30. f4 Re3 31. Kf2 Rc3 32. Rd5 Rc2+ 33. R1d2 Rxd2+ 34. Rxd2 c6 35. Rd1 Kf5 36. Rh1 Rh6 37. Re1 Re6 38. Rh1 Rh6 39. Re1 h4 40. Re8 h3 41. Kg1 Rh7 42. Rg8 d5 43. Rg5+ Ke4 44. cxd5 h2+ 45. Kh1 cxd5 46. Re5+ Kd4 47. Re1 c4 48. Rd1+ Kc5 49. bxc4 dxc4 50. Rd8 c3 51. Rc8+ Kd4 52. f5 Kd3 53. f6 c2 54. Rd8+ Kc3 55. Rc8+ Kb2 56. a4 c1=Q+ 57. Rxc1 Kxc1 58. f7 Rxf7 0-1


[Site "https://www.chess.com"]

[Event "Titled Tuesday Blitz July 4 Late 2023"]
[White "Rastbod, Ali"]
[Black "Ladan, Nicholas"]
[WhiteFideId "12567477"]
[BlackFideId "30918855"]
[WhiteElo "2679"]
[BlackElo "2472"]
[Result "1-0"]
[Round "7"]
[TimeControl "180+2"]
[Date "2023.07.04"]
[WhiteClock "0:00:11"]
[BlackClock "0:00:00"]
[Board "45"]

1. d4 d5 2. c4 c6 3. Nc3 Nf6 4. cxd5 cxd5 5. Bf4 Nc6 6. e3 Qb6 7. Bb5 Bg4 8. Qa4 e6 9. h3 Bh5 10. g4 Bg6 11. Nf3 Nd7 12. Rc1 Bb4 13. a3 Bxc3+ 14. Rxc3 Rc8 15. O-O O-O 16. Rfc1 a6 17. Bxc6 bxc6 18. b4 Qb5 19. Qxb5 axb5 20. Rxc6 Ra8 21. R1c3 Nf6 22. Nd2 h5 23. f3 hxg4 24. hxg4 Nd7 25. Bc7 Rfe8 26. Kf2 e5 27. Bxe5 Nxe5 28. dxe5 Rxe5 29. f4 Ree8 30. f5 Bh7 31. Nf3 g6 32. f6 g5 33. Nxg5 Bg6 34. Kf3 Rad8 35. Rc1 d4 36. e4 d3 37. Ke3 Rd5 38. R6c5 Rd6 39. e5 Rxf6 40. e6 Rfxe6+ 41. Nxe6 Rxe6+ 42. Kf4 Re4+ 43. Kg5 Kg7 44. Rf1 Rd4 45. Kh4 d2 46. Rd1 f5 47. Rxb5 Rxg4+ 48. Kh3 1-0


[Site "https://www.chess.com"]

[Event "Titled Tuesday Blitz July 4 Late 2023"]
[White "Romero Ruscalleda, Josep"]
[Black "Rosen, Eric"]
[WhiteFideId "2231859"]
[BlackFideId "2032562"]
[WhiteElo "2443"]
[BlackElo "2675"]
[Result "0-1"]
[Round "7"]
[TimeControl "180+2"]
[Date "2023.07.04"]
[WhiteClock "0:00:10"]
[BlackClock "0:00:34"]
[Board "46"]

1. e4 c5 2. c3 d5 3. exd5 Qxd5 4. Nf3 Nf6 5. Na3 e6 6. Bc4 Qd8 7. O-O Nc6 8. Nc2 Be7 9. d4 O-O 10. Be3 Ng4 11. Bf4 b6 12. h3 Nf6 13. Qe2 Bb7 14. Rad1 Qc8 15. dxc5 Bxc5 16. Rfe1 Ne7 17. Bd3 Ng6 18. Bg5 Nd5 19. Qd2 Qc7 20. Ncd4 a6 21. Be4 b5 22. Qc2 Rac8 23. Qb1 Rfe8 24. Nb3 Bb6 25. Re2 Ndf4 26. Bxf4 Nxf4 27. Red2 Bxe4 28. Qxe4 Nd5 29. Qe5 Qe7 30. Nbd4 Bc7 31. Qh5 g6 32. Qh6 Bf4 33. Ng5 Bxg5 0-1


[Site "https://www.chess.com"]

[Event "Titled Tuesday Blitz July 4 Late 2023"]
[White "Aldokhin, Ivan"]
[Black "Mindhunter08"]
[WhiteFideId "24115720"]
[WhiteElo "2668"]
[BlackElo "2416"]
[Result "1-0"]
[Round "7"]
[TimeControl "180+2"]
[Date "2023.07.04"]
[WhiteClock "0:00:02"]
[BlackClock "0:00:00"]
[Board "47"]

1. e4 e5 2. Nf3 Nc6 3. Bb5 a6 4. Ba4 Nf6 5. O-O Be7 6. Re1 b5 7. Bb3 d6 8. c3 O-O 9. d4 Bg4 10. d5 Na5 11. Bc2 c6 12. h3 Bh5 13. dxc6 Qc7 14. Nbd2 Qxc6 15. Nf1 Nc4 16. Ng3 Bg6 17. Nh4 Rfd8 18. Nhf5 Bf8 19. Qf3 d5 20. h4 d4 21. h5 Bxf5 22. Nxf5 dxc3 23. bxc3 Rd7 24. g4 Rad8 25. Bg5 Nd2 26. Qg3 Ndxe4 27. Rxe4 Nxe4 28. Qf3 Qxc3 29. Qxe4 Qxa1+ 30. Kg2 g6 31. Bxd8 Rxd8 32. Bb3 Qb2 33. hxg6 hxg6 34. Ne7+ Kg7 35. Qf3 f6 36. Nc6 Rd6 37. g5 f5 38. Qe3 Rxc6 39. Qa7+ Kh8 40. Qf7 1-0


[Site "https://www.chess.com"]

[Event "Titled Tuesday Blitz July 4 Late 2023"]
[White "MKlose11"]
[Black "el_sporco"]
[WhiteElo "2657"]
[BlackElo "2365"]
[Result "1-0"]
[Round "7"]
[TimeControl "180+2"]
[Date "2023.07.04"]
[WhiteClock "0:01:30"]
[BlackClock "0:00:45"]
[Board "48"]

1. e4 c5 2. Nc3 Nc6 3. d3 g6 4. g3 Bg7 5. Bg2 e6 6. Be3 d6 7. Qd2 Rb8 8. Nge2 b5 9. O-O Nd4 10. Nd1 Ne7 11. Nc1 O-O 12. c3 Ndc6 13. Bh6 b4 14. Bxg7 Kxg7 15. f4 bxc3 16. bxc3 Qb6 17. Ne3 Ba6 18. f5 exf5 19. exf5 f6 20. fxg6 hxg6 21. Ne2 Ne5 22. Nf4 Qb2 23. Ne6+ Kf7 24. Qxb2 Rxb2 25. Nxf8 Bxd3 26. Rf2 Rxf2 27. Kxf2 Kxf8 28. Nd5 Ng4+ 29. Kg1 Nxd5 30. Bxd5 Ne3 31. Bf3 Kf7 32. Re1 Nf5 33. Bd5+ Kf8 34. Re6 Ne7 35. Rxf6+ Ke8 36. Rxd6 Nf5 37. Bc6+ 1-0


[Site "https://www.chess.com"]

[Event "Titled Tuesday Blitz July 4 Late 2023"]
[White "Hilary46"]
[Black "Gardezi, Arsal"]
[BlackFideId "30949521"]
[WhiteElo "2644"]
[BlackElo "2247"]
[Result "1-0"]
[Round "7"]
[TimeControl "180+2"]
[Date "2023.07.04"]
[WhiteClock "0:01:06"]
[BlackClock "0:00:00"]
[Board "49"]

1. e4 e5 2. Nf3 Nc6 3. Bb5 a6 4. Ba4 Nf6 5. O-O Be7 6. Re1 b5 7. Bb3 O-O 8. c3 d5 9. exd5 Nxd5 10. Nxe5 Nxe5 11. Rxe5 c6 12. d4 Bd6 13. Re1 Qh4 14. g3 Qh3 15. Qe2 Bg4 16. Qf1 Qh5 17. Nd2 Rae8 18. f3 Bh3 19. Qf2 f5 20. Rxe8 Rxe8 21. c4 Nb4 22. c5+ Kh8 23. cxd6 Nd3 24. d7 Nxf2 25. dxe8=Q+ Qxe8 26. Kxf2 f4 27. Ne4 fxg3+ 28. hxg3 Be6 29. Be3 h6 30. Nc5 Bd5 31. Bxd5 cxd5 32. Bf4 Qh5 33. Kg2 Qg6 34. Rf1 Qc2+ 35. Rf2 Qd1 36. Rd2 Qb1 37. a3 a5 38. Be5 Kh7 39. Ne6 b4 40. axb4 axb4 41. Nxg7 b3 42. Ne6 Qf5 43. Nf4 h5 44. Nxd5 Qg5 45. Nf4 h4 46. g4 Qd8 47. d5 Qa5 48. Bc3 Qa4 49. Nh3 1-0


[Site "https://www.chess.com"]

[Event "Titled Tuesday Blitz July 4 Late 2023"]
[White "D`Arruda, Ricardo D."]
[Black "He, Anthony"]
[WhiteFideId "100692"]
[BlackFideId "2088215"]
[WhiteElo "2561"]
[BlackElo "2946"]
[Result "0-1"]
[Round "7"]
[TimeControl "180+2"]
[Date "2023.07.04"]
[WhiteClock "0:01:16"]
[BlackClock "0:02:30"]
[Board "50"]

1. e4 e5 2. Nf3 Nc6 3. Nc3 Nf6 4. d3 Bc5 5. Be3 d6 6. Bxc5 dxc5 7. Be2 O-O 8. O-O h6 9. Re1 Be6 10. h3 Qd7 11. Bf1 b6 12. Ne2 Rad8 13. Ng3 Rfe8 14. Nh4 g6 15. Qc1 Kg7 16. a3 Nd4 17. Qd1 Qa4 18. Rc1 Qc6 19. Nf3 Qd6 20. Nd2 h5 21. c3 Nc6 22. Nc4 Qe7 23. Ne3 h4 24. Ne2 Nxe4 25. Qc2 Nf6 26. f4 Qd7 27. fxe5 Nxe5 28. Nf4 Qd6 29. Nxe6+ Rxe6 30. Rcd1 Rde8 31. d4 Nf3+ 32. gxf3 Rxe3 33. Rxe3 Rxe3 34. dxc5 Qxc5 35. Qf2 Qg5+ 36. Bg2 Nh5 37. Rd5 Qxd5 38. Qxe3 Ng3 39. Kf2 Nf5 40. Qe2 Qc5+ 41. Ke1 Qg1+ 42. Kd2 Qb1 43. Qe5+ Kg8 44. c4 Qg1 45. Qe2 Qd4+ 46. Kc1 Ne3 47. Bf1 Kg7 48. Qd3 Qxd3 49. Bxd3 Kf6 50. f4 Ng2 51. f5 Nf4 52. Bf1 Kxf5 53. Kd2 Ke4 54. b4 g5 55. c5 f5 56. cxb6 cxb6 57. a4 g4 58. hxg4 fxg4 59. a5 h3 0-1


[Site "https://www.chess.com"]

[Event "Titled Tuesday Blitz July 4 Late 2023"]
[White "Golubev, Mikhail"]
[Black "Goltsev, Dmitry"]
[WhiteFideId "14100983"]
[BlackFideId "24176710"]
[WhiteElo "2552"]
[BlackElo "2816"]
[Result "1-0"]
[Round "7"]
[TimeControl "180+2"]
[Date "2023.07.04"]
[WhiteClock "0:00:02"]
[BlackClock "0:00:20"]
[Board "51"]

1. e4 e6 2. d4 d5 3. Bd3 c5 4. exd5 exd5 5. Nf3 Nf6 6. O-O Be7 7. dxc5 Bxc5 8. Qe2+ Be6 9. Ng5 O-O 10. Nxe6 fxe6 11. Qxe6+ Kh8 12. Bg5 Nc6 13. Nc3 Nd4 14. Qh3 h6 15. Rae1 Rc8 16. Re5 Qd7 17. Qxd7 Nxd7 18. Rxd5 Nb6 19. Rxc5 Rxc5 20. Be7 Rcc8 21. Bxf8 Rxf8 22. Re1 Nc6 23. a3 Nd7 24. f3 Nc5 25. Be4 Nd4 26. Rd1 Rd8 27. Kf2 b6 28. Ke3 Nce6 29. Ne2 Nb5 30. Rxd8+ Nxd8 31. c4 Nc7 32. b4 Kg8 33. Nf4 Kf7 34. Bd5+ Ke7 35. Ke4 g5 36. Ne2 Kd6 37. Nd4 h5 38. Nf5+ Kd7 39. h4 gxh4 40. Nxh4 b5 41. c5 a5 42. bxa5 Nc6 43. g4 hxg4 44. fxg4 Nxa5 45. g5 Nc6 46. g6 Ne7 47. Bf7 Na6 48. Nf5 Nxc5+ 49. Kd4 Na4 50. Nxe7 Kxe7 51. Bd5 Kf6 52. Be4 Nb2 53. Kc5 Nc4 54. Kxb5 Nxa3+ 55. Kb4 Nc2+ 56. Bxc2 Kg7 57. Kc5 Kh8 58. Kd4 Kg8 59. Ke5 Kh8 60. Kf4 Kg7 61. Kg5 Kg8 62. Kh6 Kh8 63. g7+ Kg8 64. Bb3# 1-0


[Site "https://www.chess.com"]

[Event "Titled Tuesday Blitz July 4 Late 2023"]
[White "Francisco Guecamburu, Candela Be"]
[Black "Weetik, Vjacheslav"]
[WhiteFideId "160911"]
[BlackFideId "4153472"]
[WhiteElo "2552"]
[BlackElo "2723"]
[Result "0-1"]
[Round "7"]
[TimeControl "180+2"]
[Date "2023.07.04"]
[WhiteClock "0:00:01"]
[BlackClock "0:00:07"]
[Board "52"]

1. e4 c6 2. d4 d5 3. e5 Bf5 4. h4 Qb6 5. g4 Bd7 6. Nc3 Nh6 7. Bxh6 gxh6 8. Rb1 e6 9. Nf3 c5 10. Qd2 cxd4 11. Nxd4 Nc6 12. Nxc6 Bxc6 13. Bg2 Rg8 14. g5 O-O-O 15. Ne2 d4 16. Bxc6 Qxc6 17. Ng3 Be7 18. f4 Kb8 19. Qd3 Qg2 20. a3 hxg5 21. hxg5 Bxg5 22. fxg5 Rxg5 23. Rxh7 Rxg3 24. Qb5 Qg1+ 25. Qf1 Re3+ 26. Kd2 Qg5 27. Qf6 Rxe5+ 28. Qxg5 Rxg5 29. Rxf7 e5 30. Re7 Rc8 31. Rf1 Rg2+ 32. Kd3 Rgxc2 33. Rff7 Rxb2 34. Rxe5 Rb3+ 35. Kxd4 Rxa3 36. Ree7 Rb3 37. Kd5 Rb5+ 38. Kd4 a6 39. Rg7 Rc6 40. Re8+ Ka7 41. Ree7 a5 42. Kd3 a4 43. Re4 Ra6 44. Rgg4 a3 45. Re1 a2 46. Rgg1 Ra3+ 47. Kc4 Rb2 48. Ra1 Ka6 49. Rgc1 b5+ 50. Kc5 Ka5 51. Rf1 Rc2+ 52. Kd4 b4 53. Kd5 Ka4 54. Rf8 Rd3+ 55. Ke4 Rdd2 56. Ra8+ Kb3 57. Ke3 Re2+ 58. Kd3 Red2+ 59. Ke3 Kc4 60. Rc8+ Kb5 61. Rb8+ Kc5 62. Rc8+ Kd6 63. Rd8+ Kc5 64. Rxd2 Rc3+ 65. Rd3 Rc2 66. Rdd1 b3 67. Rd3 Kc4 68. Rdd1 Kc3 69. Rd3+ Kb2 70. Rdd1 Ka3 71. Kd3 Kb2 72. Re1 Rh2 73. Kd4 Rd2+ 74. Ke3 Kc3 75. Rec1+ Rc2 76. Rd1 Kb2 77. Re1 Rh2 78. Kd3 Ka3 79. Red1 b2 80. Rxa2+ Kxa2 81. Rd2 Rxd2+ 82. Kxd2 b1=Q 0-1


[Site "https://www.chess.com"]

[Event "Titled Tuesday Blitz July 4 Late 2023"]
[White "Tikhonov, Viacheslav"]
[Black "Goryachkina, Aleksandra"]
[WhiteFideId "44196407"]
[BlackFideId "4147103"]
[WhiteElo "2552"]
[BlackElo "2710"]
[Result "0-1"]
[Round "7"]
[TimeControl "180+2"]
[Date "2023.07.04"]
[WhiteClock "0:00:00"]
[BlackClock "0:00:15"]
[Board "53"]

1. d4 Nf6 2. c4 e6 3. Nf3 d5 4. g3 Bb4+ 5. Bd2 a5 6. Bg2 O-O 7. O-O dxc4 8. Qc2 Bxd2 9. Nbxd2 b5 10. a4 c6 11. b3 cxb3 12. Nxb3 b4 13. Ne5 Nd5 14. Rfc1 Nc3 15. e3 Ba6 16. Kh1 Ra7 17. Nc5 Qc8 18. Qb3 Be2 19. Nc4 Bxc4 20. Qxc4 Nd7 21. Nb3 Nb6 22. Qc5 Qc7 23. Rxc3 bxc3 24. Qxc3 Nd5 25. Qc5 Rb8 26. Nd2 Qb6 27. Ne4 Qxc5 28. Nxc5 Kf8 29. h4 Ke7 30. Bf3 Rb2 31. Kg2 Ra8 32. Re1 Rab8 33. e4 Nb4 34. d5 Kd6 35. Rc1 cxd5 36. exd5 exd5 37. Rc3 Rc2 38. Rxc2 Nxc2 39. Nd3 Nb4 40. Nf4 Rc8 41. Nh5 g6 42. Nf6 Rc2 43. Nxh7 Nd3 44. Ng5 Rxf2+ 45. Kg1 f6 46. Nf7+ Ke7 47. Bxd5 Rd2 48. Nh8 Ne5 49. Be4 f5 50. Bb7 Kf6 51. h5 gxh5 52. Bc8 Kg7 0-1


[Site "https://www.chess.com"]

[Event "Titled Tuesday Blitz July 4 Late 2023"]
[White "Katz, Alexander"]
[Black "Rodriguez, Santiago"]
[WhiteFideId "2039796"]
[BlackFideId "3000591"]
[WhiteElo "2662"]
[BlackElo "2535"]
[Result "0-1"]
[Round "7"]
[TimeControl "180+2"]
[Date "2023.07.04"]
[WhiteClock "0:00:00"]
[BlackClock "0:00:26"]
[Board "54"]

1. e4 c5 2. Nf3 Nc6 3. d4 cxd4 4. Nxd4 e5 5. Nb5 d6 6. N1c3 a6 7. Na3 b5 8. Nd5 Nge7 9. Bg5 h6 10. Be3 Nxd5 11. exd5 Ne7 12. c4 Nf5 13. cxb5 Nxe3 14. fxe3 Qh4+ 15. g3 Qe4 16. Qc2 Qxe3+ 17. Be2 Bd7 18. bxa6 Be7 19. Nc4 Qc5 20. O-O-O O-O 21. Kb1 Rfc8 22. Rhf1 Rxa6 23. Bd3 Rca8 24. b3 Bb5 25. a4 Bxa4 26. bxa4 Rxa4 27. Kc1 Bg5+ 28. Rf4 exf4 29. h4 Bf6 30. gxf4 Ra1+ 31. Kd2 R1a2 0-1


[Site "https://www.chess.com"]

[Event "Titled Tuesday Blitz July 4 Late 2023"]
[White "Fantastic_Power"]
[Black "Belov, Alexei"]
[BlackFideId "4128206"]
[WhiteElo "2658"]
[BlackElo "2530"]
[Result "1/2-1/2"]
[Round "7"]
[TimeControl "180+2"]
[Date "2023.07.04"]
[WhiteClock "0:00:05"]
[BlackClock "0:00:10"]
[Board "55"]

1. e4 e6 2. d4 d5 3. Nc3 Nf6 4. Bg5 dxe4 5. Nxe4 Be7 6. Bxf6 Bxf6 7. Nf3 O-O 8. Bc4 Nd7 9. O-O e5 10. c3 exd4 11. Nxf6+ Qxf6 12. Qxd4 Qxd4 13. Nxd4 Ne5 14. Bb3 c5 15. Nb5 Bd7 16. Nd6 Bc6 17. Rfe1 Nd3 18. Re7 Nxb2 19. Rb1 Na4 20. Rc1 Nb6 21. Bxf7+ Kh8 22. Be6 h6 23. Nxb7 Rae8 24. Rxe8 Rxe8 25. Nxc5 Na4 26. Nxa4 Rxe6 27. Nc5 Re2 28. a4 Ra2 29. h3 Kg8 30. Nd3 Rxa4 31. Ne5 Be8 32. c4 Kf8 33. c5 Ke7 34. c6 Kd8 35. c7+ Kc8 36. Nc6 Bxc6 37. Rxc6 Ra5 38. g4 Re5 39. Kg2 Re7 40. Ra6 Rxc7 41. Kg3 Kb7 42. Ra2 Kb6 43. Rb2+ Kc6 44. Rc2+ Kd6 45. Rd2+ Kc6 46. Rc2+ Kb6 47. Rb2+ Kc6 48. Rc2+ 1/2-1/2


[Site "https://www.chess.com"]

[Event "Titled Tuesday Blitz July 4 Late 2023"]
[White "Guerra Tulcan, Lenin"]
[Black "Luong Phuong Hanh"]
[WhiteFideId "3601382"]
[BlackFideId "12401013"]
[WhiteElo "2652"]
[BlackElo "2479"]
[Result "1-0"]
[Round "7"]
[TimeControl "180+2"]
[Date "2023.07.04"]
[WhiteClock "0:00:19"]
[BlackClock "0:00:00"]
[Board "56"]

1. e4 c5 2. Nf3 e6 3. b4 cxb4 4. a3 d5 5. exd5 Qxd5 6. axb4 Bxb4 7. Bd3 Nf6 8. Nc3 Qd8 9. Ra4 Be7 10. O-O O-O 11. Bb2 Nc6 12. Rh4 h6 13. Qe2 Nb4 14. Rd4 Qa5 15. Ra1 Qh5 16. Rh4 Qc5 17. Rc4 Qb6 18. Na4 Qd8 19. Bxf6 Bxf6 20. Rxb4 Bxa1 21. c3 Qa5 22. Qe1 a6 23. Qxa1 b5 24. Be4 Ra7 25. Nd4 Bd7 26. Nb3 Qc7 27. Nac5 a5 28. Rd4 Bc6 29. Bxc6 Qxc6 30. Nd3 1-0


[Site "https://www.chess.com"]

[Event "Titled Tuesday Blitz July 4 Late 2023"]
[White "Mazarini41"]
[Black "Skatchkov, Valery"]
[BlackFideId "24195812"]
[WhiteElo "2516"]
[BlackElo "2651"]
[Result "0-1"]
[Round "7"]
[TimeControl "180+2"]
[Date "2023.07.04"]
[WhiteClock "0:00:00"]
[BlackClock "0:02:07"]
[Board "57"]

1. d4 Nf6 2. c4 e6 3. Nf3 d5 4. g3 dxc4 5. Bg2 a6 6. O-O Nc6 7. e3 Bd7 8. Nfd2 b5 9. a4 Rb8 10. b3 cxb3 11. Nxb3 Nb4 12. Ba3 bxa4 13. Nc5 Bb5 14. Bxb4 Be7 15. Re1 O-O 16. Ba3 Qc8 17. Nc3 Bc4 18. N3xa4 Rd8 19. Qc2 Bd5 20. Bxd5 exd5 21. Rab1 Qh3 22. f3 h5 23. Nb2 h4 24. Qg2 Qf5 25. g4 Qg6 26. Nbd3 Rxb1 27. Rxb1 Bxc5 28. Rb3 Bxa3 29. Rxa3 Rb8 30. h3 Rb1+ 31. Kh2 Nd7 32. Nf4 Qd6 33. Ra5 Qb6 34. Ra2 c6 35. Qc2 Rb3 36. Qf2 a5 37. Qxh4 Rxe3 38. Qe7 Rxe7 0-1


[Site "https://www.chess.com"]